 Dungeon Crawl Stone Soup version 0.23.2 (webtiles) character file.

Game seed: 12332573739891014133

48265 Borgoz the Slicer (level 14, 0/88 HPs)
             Began as a Gargoyle Gladiator on Apr 8, 2019.
             Was a Priest of Ashenzari.
             Splashed by an oklob plant's acid (11 damage)
             ... on level 4 of the Lair of Beasts.
             The game lasted 00:58:19 (19165 turns).

Borgoz the Slicer (Gargoyle Gladiator)             Turns: 19165, Time: 00:58:19

Health: 0/88       AC: 18    Str: 23    XL:     14   Next: 45%
Magic:  21/21      EV: 24    Int:  8    God:    Ashenzari [***...]
Gold:   647        SH:  0    Dex: 22    Spells: 22/23 levels left

rFire    + + .     SeeInvis +   a - +6 dagger (venom)
rCold    . . .     Gourm    .   (no shield)
rNeg     + . .     Faith    .   O - +3 troll leather armour
rPois    ∞         Spirit   .   u - +0 hat of Restlessness {rF+ MR+ Slay+2} (curse)
rElec    +         Reflect  .   g - +2 cloak
rCorr    .         Harm     .   H - +2 pair of gloves {Str+3}
MR       +++..                  (no boots)
Stlth    +++++.....             (no amulet)
HPRegen  0.64/turn              I - ring of protection from magic
MPRegen  0.17/turn              n - ring of Mabesk {rF+ EV+2 Dex+7} (curse)

@: corroded, flying
A: big wings, negative energy resistance 1, electricity resistance, unbreathing,
petrification resistance, rot immunity, AC +10
a: Stop Flying, Curse Item, Scrying, Renounce Religion


You were on level 4 of the Lair of Beasts.
You worshipped Ashenzari.
Ashenzari was most pleased with you.
You were hungry.

You visited 4 branches of the dungeon, and saw 19 of its levels.
You also visited: Gauntlet.

You collected 1030 gold pieces.
You spent 383 gold pieces at shops.

Inventory:

Hand Weapons
 a - a +6 dagger of venom (weapon)
 b - a +3 antimagic short sword
 c - a +1 short sword of freezing
 m - a +0 rapier
 r - a +0 dagger of electrocution
Missiles
 d - a throwing net (quivered)
 y - 24 tomahawks
Armour
 g - a +2 cloak (worn)
 u - the cursed +0 hat of Restlessness (worn) {rF+ MR+ Slay+2}
   (You found it in a Gauntlet)

   It affects your accuracy and damage with ranged weapons and melee attacks
   (+2).
   It protects you from fire.
   It affects your resistance to hostile enchantments.
   It has a curse placed upon it.
 H - a +2 pair of gloves of strength (worn)
 O - a +3 troll leather armour (worn)
Jewellery
 n - the cursed ring of Mabesk (right hand) {rF+ EV+2 Dex+7}
   (You acquired it on level 1 of the Lair of Beasts)

   [ring of evasion]

   It affects your evasion (+2).
   It affects your dexterity (+7).
   It protects you from fire.
   It has a curse placed upon it.
 v - an uncursed ring of positive energy
 I - a ring of protection from magic (left hand)
 X - an uncursed ring of protection from cold
Wands
 A - a wand of clouds (5)
 N - a wand of digging (9)
 P - a wand of iceblast (15)
 Q - a wand of paralysis (5)
 S - a wand of acid (41)
Scrolls
 e - a scroll of identify
 l - 6 scrolls of remove curse
 o - 10 scrolls of teleportation
 q - 7 scrolls of magic mapping
 z - 3 scrolls of enchant weapon
 B - 3 scrolls of summoning
 E - 2 scrolls of fog
 U - a scroll of fear
Potions
 k - 4 potions of haste
 p - a potion of might
 F - 2 potions of magic
 J - 2 potions of resistance
 M - 3 potions of agility
 Z - 4 potions of heal wounds
Comestibles
 f - 42 rations


   Skills:
 + Level 10.0 Fighting
 * Level 11.7 Short Blades
 - Level 1.7 Throwing
 + Level 9.6 Armour
 * Level 10.9 Dodging
 - Level 10.0 Stealth
 - Level 5.0 Spellcasting
 - Level 7.0 Hexes


You had 22 spell levels left.
You knew the following spells:

 Your Spells              Type           Power        Failure   Level  Hunger
a - Confusing Touch       Hex            ##....       1%          1    #......

Your spell library contained the following spells:

 Spells                   Type           Power        Failure   Level  Hunger
 Corona                   Hex            ##.....      1%          1    #......
 Slow                     Hex            ##......     2%          2    ##.....
 Tukima's Dance           Hex            ##......     4%          3    ###....
 Cause Fear               Hex            ##........   16%         4    #####..
 Inner Flame              Hex/Fire       #.......     21%         3    ###....
 Portal Projectile        Hex/Tloc       #.....       21%         3    ###....
 Spectral Weapon          Hex/Chrm       #.......     21%         3    ###....
 Animate Skeleton         Necr           N/A          28%         1    #......
 Apportation              Tloc           #.....       28%         1    #......
 Infusion                 Chrm           #...         28%         1    #......
 Sandblast                Erth           #.....       28%         1    #......
 Sting                    Conj/Pois      #...         28%         1    #......
 Summon Butterflies       Summ           #.......     28%         1    #......
 Summon Small Mammal      Summ           #...         28%         1    #......
 Blink                    Tloc           N/A          41%         2    ##.....
 Passwall                 Tmut/Erth      #.......     41%         2    ##.....
 Shroud of Golubria       Chrm/Tloc      #.........   41%         2    ##.....
 Song of Slaying          Chrm           #.......     41%         2    ##.....
 Throw Flame              Conj/Fire      #.....       41%         2    ##.....
 Leda's Liquefaction      Hex/Erth       #.........   56%         4    #####..
 Gell's Gravitas          Tloc           #.........   65%         3    ###....
 Lesser Beckoning         Tloc           #.........   65%         3    ###....
 Regeneration             Chrm/Necr      #.........   65%         3    ###....
 Stone Arrow              Conj/Erth      #.....       65%         3    ###....
 Invisibility             Hex            ##......     94%         6    #######
 Force Lance              Conj/Tloc      #.......     96%         4    #####..
 Petrify                  Tmut/Erth      #.......     96%         4    #####..
 Alistair's Intoxication  Tmut/Pois      #.......     100%        5    ######.
 Lee's Rapid Deconstruct  Erth           #.........   100%        5    ######.
 Summon Forest            Summ/Tloc      #.........   100%        5    ######.
 Venom Bolt               Conj/Pois      #.........   100%        5    ######.
 Malign Gateway           Summ/Tloc      #.........   100%        7    #######


Dungeon Overview and Level Annotations

Branches:
Dungeon (13/15)            Temple (1/1) D:4            Lair (4/6) D:11
 Shoals (0/4) Lair:2       Spider (0/4) Lair:2          Orc (1/2) D:12
 Vaults (0/5) D:13

Altars:
Ashenzari
Cheibriados
Dithmenos
Elyvilon
Fedhas
Gozag
Hepliaklqana
Kikubaaqudgha
Makhleb
Nemelex Xobeh
Okawaru
Qazlal
Ru
Sif Muna
Trog
Uskayaw
Vehumet
Wu Jian
Xom
Yredelemnul
Zin
The Shining One

Shops:
D:4 ?!*   D:5 (!?(   D:7 }([:*

Annotations:
D:13 Rupert, Urug
Lair:3 2 transporters
Lair:4 exclusion: 2 oklob plants


Innate Abilities, Weirdness & Mutations

You are resistant to torment.
Your stone body is resilient. (AC +10)
You are immune to poison.
Your large and strong wings let you fly indefinitely.
You resist negative energy. (rN+)
You are resistant to electric shocks. (rElec)
You can survive without breathing.
You are immune to petrification.
You are immune to rotting.


Message History

You are splashed with acid!!
The oklob plant spits acid at you.
The splash of acid hits you but does no damage.
The acid corrodes you!
You are splashed with acid!
The oklob plant spits acid at you.
The splash of acid hits you but does no damage.
You are splashed with acid!
There are no items here.
You see here 28 gold pieces.
You now have 647 gold pieces (gained 28).
The oklob plant spits acid at you. The splash of acid hits you.
You are splashed with acid!
The oklob plant spits acid at you. The splash of acid hits you.
The acid corrodes you!
You are splashed with acid!
* * * LOW HITPOINT WARNING * * *
The oklob plant spits acid at you. The splash of acid hits you.
* * * LOW HITPOINT WARNING * * *
You are splashed with acid!
You die...

#..###.......## #.. #####
##..#........#.###.
##P..###..#...........#.#.
#.........#............###
###P####..................
### ##..................
##.........PP........
#.#........PPPP......
##..@.....PP.P.......
#P........PPP.......
#...................
#.###..............# ###
#P...........###
#P..#..#.#.P##
##########.## ###


You could see 2 oklob plants.

Vanquished Creatures
  A tentacled monstrosity (D:12)
  Gastronok (Lair:3)
  A very ugly thing (D:12)
  Nessos (D:13)
  A minotaur (Gauntlet)
  Josephine (D:12)
  Fannar (Lair:3)
  A hydra (D:11)
  2 two-headed ogres (D:8)
  Erica (Lair:1)
  5 death yaks (Gauntlet)
  Nergalle (D:11)
  2 skeletal warriors (D:13)
  An unseen horror (D:11)
  A wizard (D:13)
  2 necromancers (Gauntlet)
  A deep elf mage (D:13)
  An orc knight (D:12)
  4 ugly things
  A manticore (Lair:2)
  2 cyclopes
  5 black mambas
  Joseph (D:9)
  A gargoyle (D:11)
  4 spiny frogs
  2 centaur skeletons
  3 komodo dragons
  A kobold demonologist (D:13)
  2 demonic crawlers (D:12)
  A queen bee (D:8)
  A jumping spider (Lair:2)
  3 trolls
  8 blink frogs
  3 hornets (Gauntlet)
  5 hippogriffs
  Sigmund (D:6)
  A redback (Lair:2)
  3 wraiths (D:12)
  A wyvern (Lair:4)
  7 humans
  2 chaos spawn (D:12)
  A hungry ghost (D:13)
  A neqoxec (D:12)
  11 yaks
  2 steam dragons
  Grum (Lair:1)
  4 vampire mosquitoes (D:12)
  Menkaure (D:4)
  Edmund (D:6)
  A soldier ant (D:11)
  7 water moccasins
  11 porcupines
  A large abomination (D:12)
  A hornet zombie (D:9)
  4 orc warriors
  A black bear (shapeshifter) (D:12)
  2 ice beasts
  7 necrophages
  7 black bears
  8 ogres
  5 wolves
  4 eyes of draining
  13 centaurs
  7 crocodiles
  16 bullfrogs
  A gnoll sergeant (D:11)
  5 small abominations (D:12)
  A wyvern zombie (D:13)
  A water moccasin zombie (D:9)
  7 scorpions
  16 killer bees (D:8)
  9 wights
  10 howler monkeys
  5 crimson imps
  2 bullfrog zombies
  3 centaur zombies
  A quasit (D:13)
  5 jellies
  12 orc wizards
  10 orc priests
  3 bullfrog skeletons
  7 hounds
  6 iguanas
  Natasha (thrice) (D:4)
  15 worker ants
  3 hound zombies
  A hound skeleton (D:10)
  A worker ant zombie (D:5)
  3 gnolls (D:11)
  A howler monkey skeleton (D:3)
  20 adders
  4 shadow imps
  An ooze (D:4)
  An adder skeleton (D:5)
  3 worms
  3 dart slugs
  5 leopard geckos
  53 orcs
  6 giant cockroaches
  15 goblins
  12 hobgoblins
  2 jackals (D:3)
  5 quokkas
  3 bats
  5 frilled lizards
  A jackal skeleton (D:8)
  9 kobolds
  A leopard gecko skeleton (D:4)
  A quokka skeleton (D:4)
  A quokka zombie (D:9)
  9 rats
  A bush (D:9)
  2 fungi
498 creatures vanquished.

Vanquished Creatures (collateral kills)
  A worker ant (D:7)
  A leopard gecko (D:7)
2 creatures vanquished.

Vanquished Creatures (others)
  22 fungi (D:11)
  8 plants
30 creatures vanquished.

Grand Total: 530 creatures vanquished

Notes
Turn   | Place    | Note
-------+----------+-------------------------------------------
     0 | D:1      | Borgoz the Gargoyle Gladiator began the quest for the Orb.
     0 | D:1      | Reached XP level 1. HP: 12/12 MP: 1/1
    67 | D:1      | Reached XP level 2. HP: 12/17 MP: 2/2
   379 | D:1      | Reached skill level 3 in Short Blades
   488 | D:1      | Reached XP level 3. HP: 22/22 MP: 3/3
   641 | D:2      | Reached skill level 1 in Stealth
   642 | D:2      | Reached skill level 1 in Armour
   899 | D:2      | Reached XP level 4. HP: 20/27 MP: 4/4
  1529 | D:2      | Reached XP level 5. HP: 22/32 MP: 5/5
  2289 | D:4      | Noticed Menkaure
  2492 | D:4      | Noticed Natasha
  2603 | D:4      | Killed Menkaure
  2603 | D:4      | Reached skill level 4 in Short Blades
  2603 | D:4      | Reached XP level 6. HP: 15/37 MP: 6/6
  2960 | D:4      | Reached XP level 7. HP: 33/41 MP: 7/7
  2964 | D:4      | Killed Natasha
  3054 | D:4      | Noticed Natasha
  3064 | D:4      | Killed Natasha
  3096 | D:4      | Found Nang's General Store.
  3104 | D:4      | Bought a scroll of teleportation for 39 gold pieces
  3330 | D:4      | Found Sigi's Distillery.
  3490 | D:4      | Noticed Natasha
  3492 | D:4      | Found a staircase to the Ecumenical Temple.
  3495 | D:4      | Killed Natasha
  3511 | Temple   | Entered the Ecumenical Temple
  3534 | Temple   | Became a worshipper of Ashenzari the Shackled
  3779 | D:4      | Found Cuena's Magic Scroll Emporium.
  3812 | D:4      | Bought a scroll of identify for 26 gold pieces
  3850 | D:5      | Entered Level 5 of the Dungeon
  3860 | D:5      | Found Ugeepit's Weapon Boutique.
  3925 | D:5      | Reached skill level 5 in Short Blades
  3925 | D:5      | Reached XP level 8. HP: 35/48 MP: 8/8
  3950 | D:5      | Found Qikikk's Distillery.
  3957 | D:5      | Learned a level 1 spell: Confusing Touch
  4432 | D:5      | Reached skill level 5 in Dodging
  4451 | D:5      | Reached skill level 1 in Spellcasting
  4451 | D:5      | Reached skill level 1 in Hexes
  4808 | D:5      | Reached * piety under Ashenzari
  4811 | D:5      | Found Cyumomib's Magic Scroll Shoppe.
  4820 | D:5      | Bought a scroll of identify for 22 gold pieces
  4820 | D:5      | Bought a scroll of identify for 22 gold pieces
  5055 | D:5      | Found Xuohab's Weapon Shop.
  5199 | D:6      | Found a bloodstained altar of Trog.
  5281 | D:6      | Noticed Edmund
  5294 | D:6      | Killed Edmund
  5294 | D:6      | Reached XP level 9. HP: 53/53 MP: 9/11
  5433 | D:6      | Reached skill level 6 in Short Blades
  5456 | D:6      | Noticed Sigmund
  5475 | D:6      | Killed Sigmund
  5475 | D:6      | Reached skill level 5 in Fighting
  5734 | D:7      | Found Ponag's Gadget Boutique.
  5814 | D:7      | Reached skill level 5 in Stealth
  5943 | D:7      | Found Zaos's Assorted Antiques.
  5943 | D:7      | Found Nebiwnam's Book Shop.
  5963 | D:7      | Bought a scroll of identify for 36 gold pieces
  5963 | D:7      | Bought a scroll of identify for 36 gold pieces
  6024 | D:7      | Found Mockooni's Weapon Shoppe.
  6030 | D:7      | Found Dumenena's Antique Armour Shoppe.
  6048 | D:7      | Bought a pair of runed gloves for 202 gold pieces
  6597 | D:8      | Noticed a queen bee
  6637 | D:8      | Killed a queen bee
  6637 | D:8      | Reached XP level 10. HP: 26/60 MP: 14/14
  6646 | D:8      | Reached skill level 5 in Armour
  6664 | D:8      | Reached skill level 7 in Short Blades
  7043 | D:8      | Reached ** piety under Ashenzari
  7171 | D:8      | Noticed a two-headed ogre
  7185 | D:8      | Killed a two-headed ogre
  7196 | D:8      | Noticed a two-headed ogre
  7209 | D:8      | Killed a two-headed ogre
  8140 | D:9      | Reached XP level 11. HP: 66/66 MP: 16/16
  8273 | D:9      | Noticed Joseph
  8278 | D:9      | Killed Joseph
  8278 | D:9      | Reached skill level 8 in Short Blades
  8287 | D:9      | Found a blossoming altar of Fedhas.
  8917 | D:10     | Entered Level 10 of the Dungeon
  9790 | D:10     | Reached *** piety under Ashenzari
  9954 | D:11     | Found a staircase to the Lair.
  9954 | D:11     | Noticed an unseen horror
  9976 | D:11     | Killed an unseen horror
 10218 | D:11     | Identified a scroll of acquirement
 10332 | D:11     | Noticed a green ugly thing
 10458 | D:11     | Killed a green ugly thing
 10458 | D:11     | Reached skill level 9 in Short Blades
 10458 | D:11     | Reached skill level 5 in Hexes
 10458 | D:11     | Reached XP level 12. HP: 68/72 MP: 19/19
 10579 | D:11     | Reached skill level 5 in Spellcasting
 10910 | D:11     | Noticed Nergalle
 10913 | D:11     | Killed Nergalle
 10918 | D:11     | Noticed a six-headed hydra
 10940 | D:11     | Killed a six-headed hydra
 11225 | D:12     | Found a staircase to the Orcish Mines.
 11276 | D:12     | Noticed Josephine
 11317 | D:12     | Killed Josephine
 11694 | D:12     | Reached **** piety under Ashenzari
 12243 | D:12     | Found a runed translucent door.
 12826 | D:12     | Paralysed by a chaos spawn for 3 turns
 12881 | D:12     | Noticed a green very ugly thing
 12891 | D:12     | Killed a green very ugly thing
 13110 | D:12     | Noticed a tentacled monstrosity
 13122 | D:12     | Killed a tentacled monstrosity
 13122 | D:12     | Reached skill level 10 in Short Blades
 13122 | D:12     | Reached XP level 13. HP: 60/79 MP: 20/20
 13123 | D:12     | Identified Fyc Yxyf's Incunabulum of Lucky Attacks
 13179 | D:13     | Found a gate to the Vaults.
 13179 | D:13     | Noticed Rupert
 13179 | D:13     | Noticed Urug
 13179 | D:13     | Noticed Nessos
 13514 | Lair:1   | Entered Level 1 of the Lair of Beasts
 13514 | Lair:1   | Noticed Grum
 13515 | Lair:1   | Killed Grum
 13807 | Lair:1   | Noticed Erica
 13827 | Lair:1   | Killed Erica
 14057 | Lair:1   | Identified the cursed ring of Mabesk {rF+ EV+2 Dex+7} (You
                  | acquired it on level 1 of the Lair of Beasts)
 14351 | Lair:2   | Found a hole to the Spider Nest.
 14550 | Lair:2   | Found a staircase to the Shoals.
 15081 | Lair:3   | Noticed Fannar
 15255 | Lair:3   | Noticed Gastronok
 15452 | Lair:3   | Killed Fannar
 15461 | Lair:3   | Killed Gastronok
 15461 | Lair:3   | Reached skill level 10 in Dodging
 15679 | Lair:3   | Found a transporter.
 15757 | Lair:3   | Found a transporter.
 16014 | Lair:4   | Reached skill level 11 in Short Blades
 16093 | Lair:4   | Found a gate leading to a gauntlet.
 16163 | Lair:4   | Found the +3 robe of Clouds {+Thunder rCloud rElec}
 16224 | Gauntlet | Entered a Gauntlet
 16224 | Gauntlet | Found a transporter.
 16224 | Gauntlet | Found a transporter.
 16228 | Gauntlet | Found a transporter.
 16228 | Gauntlet | Found a transporter.
 16240 | Gauntlet | Identified the amulet "Qoulociv" {Harm *Drain rElec rF+
                  | Str+3 Dex+3}
 16242 | Gauntlet | Found a transporter.
 16253 | Gauntlet | Found the +8 storm bow {elec}
 16253 | Gauntlet | Noticed a death ooze
 16258 | Gauntlet | Found a transporter.
 16262 | Gauntlet | Found a transporter.
 16262 | Gauntlet | Found a transporter.
 16265 | Gauntlet | Found a transporter.
 16272 | Gauntlet | Found a transporter.
 16276 | Gauntlet | Reached ***** piety under Ashenzari
 16278 | Gauntlet | Found a transporter.
 16352 | Gauntlet | Found a transporter.
 16361 | Gauntlet | Found a transporter.
 16376 | Gauntlet | Found a transporter.
 16478 | Gauntlet | Found a transporter.
 16492 | Gauntlet | Found a transporter.
 16832 | Gauntlet | Gained mutation: Your large and strong wings let you fly
                  | indefinitely. [Gargoyle growth]
 16832 | Gauntlet | Reached XP level 14. HP: 67/86 MP: 21/21
 17009 | Gauntlet | Identified the Incunabulum of Displacement
 17011 | Gauntlet | Got the arbalest "Ruownir" {speed, rF+ Str+4}
 17023 | Gauntlet | Got the cursed hat of Restlessness {rF+ MR+ Slay+2}
 17029 | Gauntlet | Identified the cursed +0 hat of Restlessness {rF+ MR+
                  | Slay+2} (You found it in a Gauntlet)
 17241 | Lair:4   | Reached skill level 10 in Stealth
 18202 | D:13     | Killed Nessos
 18665 | Orc:1    | Entered Level 1 of the Orcish Mines
 18666 | Orc:1    | Found a radiant altar of Vehumet.
 18704 | D:12     | Reached skill level 10 in Fighting
 19165 | Lair:4   | Splashed by an oklob plant's acid

Skill      XL: |  1  2  3  4  5  6  7  8  9 10 11 12 13 14 |
---------------+-------------------------------------------+-----
Short Blades   | 3 4 5 6 7 9 10 11 | 11.7
Stealth        | 1 2 3 4 5 6 7 8 9 10 | 10.0
Armour         | 1 2 3 4 5 6 8 9 |  9.6
Dodging        | 3 4 5 6 7 8 9 10 | 10.9
Fighting       | 3 4 5 6 7 8 9 10 | 10.0
Spellcasting   | 1 2 3 4 5 |  5.0
Hexes          | 1 3 4 5 6 7 |  7.0
Throwing       | |  1.7

Action                   |  1- 3 |  4- 6 |  7- 9 | 10-12 | 13-15 || total
-------------------------+-------+-------+-------+-------+-------++-------
Melee: Rapier            |    40 |       |       |       |       ||    40
       Dagger            |    57 |   289 |   381 |  1183 |   965 ||  2875
       Short sword       |       |       |    13 |    28 |       ||    41
Throw: Throwing net      |       |     1 |       |     4 |       ||     5
 Cast: Confusing Touch   |       |       |       |       |     3 ||     3
 Abil: Fly               |       |       |       |       |     1 ||     1
Evoke: Wand              |       |       |       |     5 |       ||     5
  Use: Scroll            |       |     5 |    11 |     5 |    15 ||    36
       Potion            |       |     2 |     2 |     2 |     7 ||    13
 Stab: Sleeping          |       |     3 |    10 |    21 |    17 ||    51
       Distracted        |       |     1 |       |     1 |       ||     2
       Held in net/web   |       |       |       |     4 |       ||     4
       Paralysed         |       |       |       |     2 |       ||     2
       Confused          |       |       |       |       |     6 ||     6
  Eat: Chunk             |       |     7 |    11 |    20 |    18 ||    56
       Ration            |       |       |       |     1 |       ||     1
Armor: Leather armour    |    36 |    28 |   111 |   208 |       ||   383
       Ring mail         |       |    77 |    22 |     5 |       ||   104
       Troll leather arm |       |       |       |    94 |   223 ||   317
Dodge: Dodged            |    60 |   178 |   202 |   595 |   789 ||  1824
